 Dungeon Crawl Stone Soup version 0.29-a0-330-g52719c12eb (webtiles) character file.

Game seed: 15711417979068669545

95 night the Shooter (level 4, -6/28 HPs)
             Began as a Tengu Hunter on May 1, 2022.
             Killed by divine providence
             ... invoked by an orc priest
              (14 damage)
             ... on level 2 of the Dungeon.
             The game lasted 00:02:37 (751 turns).

night the Shooter (Tengu Hunter)                     Turns: 751, Time: 00:02:38

Health: -6/28      AC:  4    Str: 11    XL:     4   Next: 65%
Magic:  5/5        EV: 12    Int: 10    God:
Gold:   33         SH:  0    Dex: 19    Spells: 3/3 levels left

rFire   . . .      SeeInvis .   a - +1 shortbow
rCold   . . .      Faith    .   (shield currently unavailable)
rNeg    . . .      Spirit   .   b - +1 leather armour
rPois   .          Reflect  .   (helmet restricted)
rElec   .          Harm     .   (no cloak)
rCorr   .          Rampage  .   (no gloves)
Will    .....                   (boots unavailable)
Stlth   ++........              (no amulet)
HPRegen 0.09/turn               (no ring)
MPRegen 0.09/turn               (no ring)

@: no status effects
A: beak, talons 3
a: no special abilities


You were on level 2 of the Dungeon.
You visited 1 branch of the dungeon, and saw 2 of its levels.

You collected 33 gold pieces.

Inventory:

Hand Weapons
 a - a +1 shortbow (weapon)
Missiles
 f - 69 stones
 h - 5 poisoned darts
 k - 5 javelins
Armour
 b - a +1 leather armour (worn)
Scrolls
 c - 2 scrolls of immolation
 g - a scroll of identify {unknown}
 i - a scroll of brand weapon {unknown}
Potions
 d - a potion of heal wounds {unknown}
 e - a potion of mutation {unknown}
 j - a potion of cancellation {unknown}


   Skills:
 + Level 3.5 Fighting
 + Level 5.5 Bows
 - Level 2.1 Dodging
 - Level 1.0 Stealth


You had 3 spell levels left.
You didn't know any spells.
Your spell library was empty.

Dungeon Overview and Level Annotations

Branches:
Dungeon (2/15)

Altars:

Shops:
D:1 [?


Innate Abilities, Weirdness & Mutations

You have a beak for a mouth.
You have claws for feet.


Message History

A rat comes into view.
You shoot an arrow. The arrow hits the rat.
You kill the rat!
No target in view!
Things that are here:
a +0 dagger; a goblin corpse No target in view!
An orc priest, an orc and an orc wizard come into view.
Found an escape hatch in the floor.
The orc wizard shouts!
The orc shouts!
The orc priest shouts!
An orc comes into view. It is wielding a +0 hand axe.
You shoot an arrow. The orc shouts!
The arrow hits the orc wizard!
The orc wizard is heavily wounded.
You shoot an arrow. The arrow hits the orc wizard.
The orc wizard is almost dead.
The orc priest miscasts a cantrip.
You shoot an arrow. The arrow hits the orc wizard.
You kill the orc wizard!
You shoot an arrow. The arrow barely misses the orc.
You shoot an arrow. The arrow hits the orc.
You kill the orc!
The orc priest calls down the wrath of Beogh upon you.
Beogh smites you!
Ouch! That really hurt!
You are too injured to fight recklessly!
You are too injured to fight recklessly!
The orc attacks as you move away! The orc hits you with a +0 hand axe.
* * * LOW HITPOINT WARNING * * *
The orc attacks as you move away! The orc hits you with a +0 hand axe.
* * * LOW HITPOINT WARNING * * *
Things that are here:
a +0 dagger; a goblin corpse The orc attacks as you move away!
The orc closely misses you. The orc attacks as you move away!
The orc barely misses you.
The orc priest invokes the aid of Beogh against you.
Beogh smites you!
Ouch! That really hurt!
You die...

####.#.# #.)..#.#
#.####.# #o# #.#
#.# #.# #.# #.#
#o# #.#####
#####.####.....#
#.....@.....##.#
#.###.#####.##.#
#.# #.##.# #.#
#.##.# ##.#
#.##.#####.##
#..#
#†##........#
#.####
#.##.######.# #
#.##.###.##.# #.
#.#.........#####


You could see an orc priest and an orc.

Vanquished Creatures
  An orc wizard (D:2)
  3 gnolls (D:2)
  An adder (D:2)
  An orc (D:2)
  3 endoplasms (D:1)
  7 goblins
  A hobgoblin (D:2)
  3 quokkas (D:1)
  2 ball pythons (D:1)
  3 bats
  A frilled lizard (D:1)
  4 kobolds (D:1)
  4 rats
34 creatures vanquished.

Notes
Turn   | Place    | Note
-------+----------+-------------------------------------------
     0 | D:1      | night the Tengu Hunter began the quest for the Orb.
     0 | D:1      | Reached XP level 1. HP: 12/12 MP: 2/2
   164 | D:1      | Reached XP level 2. HP: 18/18 MP: 3/3
   227 | D:1      | Found Joem's Magic Scroll Emporium.
   331 | D:1      | Found Riaveeto's Antique Armour Shoppe.
   476 | D:1      | Reached XP level 3. HP: 22/22 MP: 4/4
   629 | D:2      | Reached skill level 5 in Bows
   668 | D:2      | Reached XP level 4. HP: 28/28 MP: 5/5
   751 | D:2      | Killed from afar by an orc priest

Illustrated notes

Levels and vault maps discovered:
D:1:      amcnicky_arrival_underground_garden, layout_basic, serial_shops,
          nicolae_shop_stone, shop_scrolls
D:2:      layout_loops_ring, uniq_crazy_yiuf_cottage

Skill      XL: |  1  2  3 |
---------------+----------+-----
Bows           | 5 |  5.5
Fighting       | 3 |  3.5
Dodging        | |  2.1
Stealth        | |  1.0

Action                   |  1- 3 |  4- 6 || total
-------------------------+-------+-------++-------
 Fire: Shortbow          |    64 |    11 ||    75
  Use: Scroll            |     2 |       ||     2
Armor: Leather armour    |     3 |       ||     3
Dodge: Dodged            |     5 |     3 ||     8

Table legend: (Time is in decaauts)
 A = Elapsed time spent in this place.
 B = Non-inter-level travel time spent in this place.
 C = Inter-level travel time spent in this place.
 D = Time resting spent in this place.
 E = Time spent auto-exploring this place.
 F = Levels seen in this place.
 G = Mean time per level.
                   A        B        C        D        E       F      G
               +--------+--------+--------+--------+--------+-----+--------+
         Total |    774 |    750 |     24 |      0 |    573 |   2 |  387.0 |
       Dungeon |    774 |    750 |     24 |      0 |    573 |   2 |  387.0 |
               +--------+--------+--------+--------+--------+-----+--------+

Top non-repeatable levels by time:
     D:1: 626 daAuts
     D:2: 147 daAuts
